 Dungeon Crawl Stone Soup version 0.30.1-9-gdf580d7c3d (webtiles) character file.

Game seed: 8288565465074930915

44 Atelerd the Digger (level 3, -2/21 HPs)
             Began as an Octopode Earth Elementalist on Sept 25, 2023.
             Slain by Terence
             ... wielding a +0 hand axe
              (7 damage)
             ... on level 2 of the Dungeon.
             The game lasted 00:01:18 (1339 turns).

Atelerd the Digger (Octopode Earth Elementalist)    Turns: 1339, Time: 00:01:18

Health: -2/21      AC:  1    Str:  7    XL:     3   Next: 60%
Magic:  0/6        EV: 13    Int: 25    God:
Gold:   77         SH:  0    Dex: 12    Spells: 6/7 levels left

rFire   . . .        e - +0 dagger
rCold   . . .        (no shield)
rNeg    . . .        (helmet restricted)
rPois   .            (no amulet)
rElec   .            f - +6 ring of intelligence
rCorr   .            (no ring)
SInv    .            (no ring)
Will    .....        (no ring)
Stlth   +++          (no ring)
HPRegen 0.23/turn    (no ring)
MPRegen 0.10/turn    (no ring)
                     (no ring)

%: no passive effects
@: no status effects
A: almost no armour, amphibious, 8 rings, camouflage 1, gelatinous body 1,
(nimble swimmer 1), tentacles
a: no special abilities


You were on level 2 of the Dungeon.
You visited 1 branch of the dungeon, and saw 2 of its levels.

You collected 77 gold pieces.

Inventory:

Hand Weapons
 e - a +0 dagger (weapon)
Jewellery
 f - a +6 ring of intelligence (left tentacle)
Scrolls
 c - 4 scrolls of identify {unknown}
Potions
 a - a potion of magic
 b - 2 potions of curing {unknown}
 d - a potion of haste {unknown}


   Skills:
 + Level 0.3 Fighting
 + Level 0.1 Short Blades
 - Level 2.0 Dodging
 - Level 2.6 Stealth
 + Level 2.5 Spellcasting
 + Level 1.0 Transmutations
 + Level 4.0 Earth Magic


You had 6 spell levels left.
You knew the following spells:

 Your Spells              Type           Power      Damage    Failure   Level
a - Sandblast             Erth           46%        2d11      1%          1

Your spell library contained the following spells:

 Spells                   Type           Power      Damage    Failure   Level
 Passwall                 Tmut/Erth      12%        N/A       5%          2
 Stone Arrow              Conj/Erth      26%        3d8       14%         3
 Petrify                  Tmut/Erth      15%        N/A       36%         4


Dungeon Overview and Level Annotations

Branches:
Dungeon (2/15)

Altars:

Annotations:
D:1 exclusion: downstairs
D:2 Terence


Innate Abilities, Weirdness & Mutations

You cannot wear most types of armour.
You are amphibious.
You can wear up to eight rings at the same time.
Your skin changes colour to match your surroundings (Stealth+).
Your rubbery body absorbs attacks. (AC +1, EV +1)
((You are camouflaged when in or above water. (Stealth+)))
You have tentacles for arms and can constrict up to eight enemies at once.


Message History

The bat is moderately wounded.
The bat closely misses you.
The blast of sand hits the bat!
You kill the bat!
You closely miss Terence. You grab Terence.
You constrict Terence, but do no damage.
Terence hits you with a +0 hand axe.
The blast of sand hits Terence!
Terence is heavily wounded.
You constrict Terence, but do no damage.
Terence hits you with a +0 hand axe. Terence closely misses you.
The blast of sand hits Terence!
Terence is severely wounded.
You constrict Terence. Terence hits you with a +0 hand axe!
* * * LOW HITPOINT WARNING * * *
A goblin comes into view. It is wielding a +1 dagger of venom.
You are too injured to fight recklessly!
You are too injured to fight recklessly!
Casting: Sandblast (safe; 1% risk of failure)
Confirm with . or Enter, or press ? or * to list all spells.
Aiming: Sandblast (safe; 1% risk of failure)
Press: ? - help, Shift-Dir - straight line, f/p - Terence
Aim: Terence, wielding a +0 hand axe and wearing a +1 scale mail of poison resistance (almost dead, constricted by you, 100% to hit)
The blast of sand hits Terence but does no damage.
Terence is almost dead.
The goblin shouts!
You constrict Terence, but do no damage.
Terence shouts, "ATTACK!!!"
Terence barely misses you. x2
Casting: Sandblast (safe; 1% risk of failure)
Confirm with . or Enter, or press ? or * to list all spells.
Aiming: Sandblast (safe; 1% risk of failure)
Press: ? - help, Shift-Dir - straight line, f/p - Terence
Aim: Terence, wielding a +0 hand axe and wearing a +1 scale mail of poison resistance (almost dead, constricted by you, 100% to hit)
The blast of sand hits Terence.
Terence is almost dead.
You constrict Terence.
Terence screams, "I'm going to kill you!"
Terence hits you with a +0 hand axe!
You die...

[....#.# .##. #...#
##.... .... @..#
.###..... ..... ....
#......... ..... ..#
#..###.... .....g ..#
#..# #.... .....†# #.#
#..###.... >......##.#
#..#......
.....).@@.#####..#......
......###>.......#...##.
.##.. ###.....##...##.
#. #...........##. #
#.........#....
#.........###..
#.........# ##.
#.........# #.
...........# ##


You could see Terence and a goblin.

Vanquished Creatures
  A gnoll (D:2)
  An adder (D:2)
  An endoplasm (D:1)
  4 goblins
  3 hobgoblins
  A kobold (D:1)
  2 quokkas (D:1)
  A ball python (D:1)
  2 bats (D:2)
  6 frilled lizards
  5 rats (D:1)
27 creatures vanquished.

Notes
Turn   | Place    | Note
-------+----------+-------------------------------------------
     0 | D:1      | Atelerd the Octopode Earth Elementalist began the quest for
                  | the Orb.
     0 | D:1      | Reached XP level 1. HP: 11/11 MP: 3/3
   165 | D:1      | Found a faded altar of an unknown god.
   335 | D:1      | Reached XP level 2. HP: 17/17 MP: 3/5
  1082 | D:2      | Reached XP level 3. HP: 21/21 MP: 3/6
  1239 | D:2      | Reached skill level 4 in Earth Magic
  1329 | D:2      | Noticed Terence
  1339 | D:2      | Slain by Terence

Illustrated notes

Levels and vault maps discovered:
D:1:      minmay_arrival_shattered_statue, layout_loops_corners,
          hellmonk_ecumenical_altar_heavens_door, serial_forest,
          infiniplex_forest_lined_2, infiniplex_forest_clump_small,
          infiniplex_forest_clump_double, infiniplex_forest_clump_curved,
          infiniplex_forest_lined_room_2, minmay_pentomino_w2
D:2:      layout_basic, st_stairs_5, minmay_unequal, uniq_terence

Skill      XL: |  1  2  3 |
---------------+----------+-----
Earth Magic    | 4 |  4.0
Fighting       | |  0.3
Short Blades   | |  0.1
Dodging        | |  2.0
Stealth        | |  2.6
Spellcasting   | |  2.5
Transmutations | |  1.0

Action                     || total
---------------------------++-------
  Melee: Tentacles         ||     2
         Unarmed           ||     1
         Dagger            ||     9
         Constrict         ||     4
   Cast: Sandblast         ||    34
   Stab: Sleeping          ||     1
 Armour: Skin              ||     2
  Dodge: Dodged            ||    26
